3A
IDAHO FALLS CHUKARS @ PROVO MANGO
07/16/2025
 
TOP OF THE 1ST
Idaho Falls Chukars batting - Pitching for Provo Mango : LHP Carl Sampson
Pitching: LHP Carl Sampson
Batting: LHB Frank Sharp 0-0: Called Strike
0-1: Ball
1-1: Ball
2-1: Ball
3-1: Base on Balls
Batting: RHB Christian Gentry 0-0: Called Strike
0-1: Called Strike
0-2: Ball
1-2: Ball
2-2: Strikes out swinging
Batting: SHB Pablo Coloa 0-0: Swinging Strike
0-1: Swinging Strike
0-2: Ball
1-2: Hit by Pitch
Frank Sharp to second
Batting: RHB Scott Ramsey 0-0: Ball
1-0: Foul Ball, location: 2F
1-1: Grounds into double play, 5-4-3 (Groundball, 56)
Top of the 1st over - 0 run(s), 0 hit(s), 0 error(s), 1 left on base; Idaho Falls 0 - Provo 0
BOTTOM OF THE 1ST
Provo Mango batting - Pitching for Idaho Falls Chukars : RHP Shotaro Sugahara
Pitching: RHP Shotaro Sugahara
Batting: RHB Daniel Maldonado 0-0: Called Strike
0-1: Ball
1-1: Ball
2-1: Swinging Strike
2-2: Foul Ball, location: 2F
2-2: Foul Ball, location: 2F
2-2: Strikes out swinging
Batting: RHB James Pike 0-0: Ball
1-0: Ball
2-0: Fly out, F9 (Flyball, 9LS)
Batting: RHB Restin P. Surambe 0-0: Foul Ball, location: 2F
0-1: Ball
1-1: Ball
2-1: Fly out, F9 (Flyball, 9LM)
Bottom of the 1st over - 0 run(s), 0 hit(s), 0 error(s), 0 left on base; Idaho Falls 0 - Provo 0
TOP OF THE 2ND
Idaho Falls Chukars batting - Pitching for Provo Mango : LHP Carl Sampson
Batting: RHB Michael Bradshaw 0-0: Called Strike
0-1: Ball
1-1: Ball
2-1: Called Strike
2-2: Ball
3-2: Base on Balls
Batting: SHB Félix Medina 0-0: Called Strike
0-1: Ball
1-1: Ball
2-1: Fly out, F9 (Flyball, 9S)
Batting: RHB Dam Son 0-0: Ball
1-0: Ball
2-0: Called Strike
Throwing error on steal attempt, E2
Michael Bradshaw to third
2-1: Called Strike
2-2: Foul Ball, location: 2F
2-2: Foul Ball, location: 2F
2-2: Ball
3-2: Base on Balls
Batting: RHB Jonah Cooney 0-0: Swinging Strike
0-1: Ball
Wild Pitch!
Michael Bradshaw scores
Dam Son to second
1-1: Called Strike
1-2: Ball
2-2: Foul Ball, location: 2F
2-2: Ball
3-2: Foul Ball, location: 2F
3-2: Base on Balls
Batting: RHB Miguel Luna 0-0: Swinging Strike
0-1: Called Strike
0-2: Strikes out looking
Batting: LHB Frank Sharp 0-0: Ball
1-0: Swinging Strike
1-1: Ball
2-1: Ball
3-1: Called Strike
3-2: Foul Ball, location: 2F
3-2: Ground out 5-3 (Groundball, 5)
Top of the 2nd over - 1 run(s), 0 hit(s), 1 error(s), 2 left on base; Idaho Falls 1 - Provo 0
BOTTOM OF THE 2ND
Provo Mango batting - Pitching for Idaho Falls Chukars : RHP Shotaro Sugahara
Batting: RHB Jaquiski Tartt 0-0: Called Strike
0-1: Ball
1-1: Ball
2-1: Foul Ball, location: 2F
2-2: Fly out, F9 (Flyball, 89D)
Batting: RHB António Marquis 0-0: Foul Ball, location: 2F
0-1: Called Strike
0-2: Ball
1-2: Strikes out looking
Batting: RHB Mauro Longoria 0-0: Ball
1-0: Ball
2-0: Called Strike
2-1: Foul Ball, location: 2F
2-2: Fly out, F9 (Flyball, 9LM)
Bottom of the 2nd over - 0 run(s), 0 hit(s), 0 error(s), 0 left on base; Idaho Falls 1 - Provo 0
TOP OF THE 3RD
Idaho Falls Chukars batting - Pitching for Provo Mango : LHP Carl Sampson
Batting: RHB Christian Gentry 0-0: Called Strike
0-1: Swinging Strike
0-2: Ball
1-2: Strikes out swinging
Batting: SHB Pablo Coloa 0-0: Called Strike
0-1: Ball
1-1: Foul Ball, location: 2F
1-2: Ball
2-2: Ball
3-2: Foul Ball, location: 2F
3-2: Foul Ball, location: 2F
3-2: Foul Ball, location: 2F
3-2: Base on Balls
Batting: RHB Scott Ramsey 0-0: Called Strike
Pablo Coloa steals 2nd base
0-1: Foul Ball, location: 2F
0-2: Fly out, F9 (Flyball, 89D)
Runner from 2nd tags up, SAFE at 3rd, no throw
Batting: RHB Michael Bradshaw 0-0: Called Strike
0-1: Ball
1-1: Ball
2-1: Ball
3-1: Called Strike
3-2: SINGLE (Flyball, 9LS)
Pablo Coloa scores
Batting: SHB Félix Medina 0-0: Foul Ball, location: 2F
0-1: Ball
1-1: Foul Ball, location: 2F
1-2: Foul Ball, location: 2F
1-2: Ball
2-2: Foul Ball, location: 2F
2-2: Foul Ball, location: 2F
2-2: Foul Ball, location: 2F
2-2: SINGLE (Line Drive, 9LS)
Michael Bradshaw to second
Batting: RHB Dam Son 0-0: Called Strike
0-1: Ground out 6-3 (Groundball, 56)
Top of the 3rd over - 1 run(s), 2 hit(s), 0 error(s), 2 left on base; Idaho Falls 2 - Provo 0
BOTTOM OF THE 3RD
Provo Mango batting - Pitching for Idaho Falls Chukars : RHP Shotaro Sugahara
Batting: RHB Jesús Ramos 0-0: Called Strike
0-1: Ball
1-1: Ground out 2-3 (Groundball, 2R)
Batting: RHB Felipe Córdova 0-0: Ball
1-0: Ball
2-0: Called Strike
2-1: Foul Ball, location: 2F
2-2: Strikes out swinging
Batting: RHB António Quiñones 0-0: Called Strike
0-1: Swinging Strike
0-2: Strikes out looking
Bottom of the 3rd over - 0 run(s), 0 hit(s), 0 error(s), 0 left on base; Idaho Falls 2 - Provo 0
TOP OF THE 4TH
Idaho Falls Chukars batting - Pitching for Provo Mango : LHP Carl Sampson
Batting: RHB Jonah Cooney 0-0: Ball
1-0: Called Strike
1-1: Ball
2-1: Ball
3-1: SINGLE (Flyball, 8LS)
Pitching: LHP James Atkinson
Batting: RHB Miguel Luna 0-0: Called Strike
0-1: SINGLE (Groundball, 3) (infield hit)
Jonah Cooney to second
Batting: LHB Frank Sharp 0-0: Ball
1-0: Called Strike
1-1: Ball
2-1: Swinging Strike
2-2: Foul Ball, location: 2F
2-2: Ball
3-2: TRIPLE (Groundball, 3L)
Jonah Cooney scores
Miguel Luna scores
Batting: RHB Christian Gentry 0-0: Foul Ball, location: 2F
0-1: Fly out, F8 (Flyball, 8LM)
Runner from 3rd tags up, SCORES, no throw
Batting: SHB Pablo Coloa 0-0: Foul Ball, location: 2F
0-1: Foul Ball, location: 2F
0-2: Ball
1-2: Hit by Pitch
Pinch Runner at 1st Alejandro Herrera:
Batting: RHB Scott Ramsey 0-0: Called Strike
0-1: Grounds into double play, 4-6-3 (Groundball, 4M)
Top of the 4th over - 3 run(s), 3 hit(s), 0 error(s), 0 left on base; Idaho Falls 5 - Provo 0
BOTTOM OF THE 4TH
Provo Mango batting - Pitching for Idaho Falls Chukars : RHP Shotaro Sugahara
Now at SS: Alejandro Herrera
Batting: RHB Daniel Maldonado 0-0: Called Strike
0-1: Called Strike
0-2: Strikes out swinging
Batting: RHB James Pike 0-0: Ball
1-0: Called Strike
1-1: Foul Ball, location: 2F
1-2: Foul Ball, location: 2F
1-2: Strikes out looking
Batting: RHB Restin P. Surambe 0-0: DOUBLE (Flyball, 78M)
Batting: RHB Jaquiski Tartt 0-0: Ball
1-0: Ball
2-0: Called Strike
2-1: Fly out, F6 (Popup, 6MD)
Bottom of the 4th over - 0 run(s), 1 hit(s), 0 error(s), 1 left on base; Idaho Falls 5 - Provo 0
TOP OF THE 5TH
Idaho Falls Chukars batting - Pitching for Provo Mango : LHP James Atkinson
Batting: RHB Michael Bradshaw 0-0: Called Strike
0-1: Swinging Strike
0-2: Ball
1-2: Ball
2-2: Strikes out swinging
Batting: SHB Félix Medina 0-0: Ground out U3 (Groundball, 34)
Batting: RHB Dam Son 0-0: Called Strike
0-1: Called Strike
0-2: SINGLE (Groundball, 6MD)
Batting: RHB Jonah Cooney 0-0: Called Strike
0-1: Ball
1-1: Ball
2-1: Called Strike
2-2: Strikes out swinging
Top of the 5th over - 0 run(s), 1 hit(s), 0 error(s), 1 left on base; Idaho Falls 5 - Provo 0
BOTTOM OF THE 5TH
Provo Mango batting - Pitching for Idaho Falls Chukars : RHP Shotaro Sugahara
Batting: RHB António Marquis 0-0: Ground out 4-3 (Groundball, 4S)
Batting: RHB Mauro Longoria 0-0: Ball
1-0: SINGLE (Groundball, 5D)
Batting: RHB Jesús Ramos 0-0: Foul Ball, location: 2F
0-1: Grounds into double play, 6-4-3 (Groundball, 6)
Bottom of the 5th over - 0 run(s), 1 hit(s), 0 error(s), 0 left on base; Idaho Falls 5 - Provo 0
TOP OF THE 6TH
Idaho Falls Chukars batting - Pitching for Provo Mango : LHP James Atkinson
Batting: RHB Miguel Luna 0-0: Swinging Strike
0-1: Called Strike
0-2: Ground out 5-3 (Groundball, 56)
Batting: LHB Frank Sharp 0-0: Ball
1-0: Called Strike
1-1: Foul Ball, location: 2F
1-2: Ball
2-2: Foul Ball, location: 2F
2-2: Ball
3-2: Foul Ball, location: 2F
3-2: Foul Ball, location: 2F
3-2: Ground out 5-3 (Groundball, 56)
Batting: RHB Christian Gentry 0-0: Ball
1-0: Foul Ball, location: 2F
1-1: Ground out 6-3 (Groundball, 6)
Top of the 6th over - 0 run(s), 0 hit(s), 0 error(s), 0 left on base; Idaho Falls 5 - Provo 0
BOTTOM OF THE 6TH
Provo Mango batting - Pitching for Idaho Falls Chukars : RHP Shotaro Sugahara
Batting: RHB Felipe Córdova 0-0: Ball
1-0: Foul Ball, location: 2F
1-1: Foul Ball, location: 2F
1-2: Ball
2-2: Ball
3-2: Foul Ball, location: 2F
3-2: Foul Ball, location: 2F
3-2: Foul Ball, location: 2F
3-2: Strikes out swinging
Batting: RHB António Quiñones 0-0: Foul Ball, location: 2F
0-1: Called Strike
0-2: Foul Ball, location: 2F
0-2: Foul Ball, location: 2F
0-2: Ball
1-2: Ball
2-2: Strikes out looking
Batting: RHB Daniel Maldonado 0-0: Ball
1-0: Ball
2-0: Fly out, F7 (Flyball, 7D)
Bottom of the 6th over - 0 run(s), 0 hit(s), 0 error(s), 0 left on base; Idaho Falls 5 - Provo 0
TOP OF THE 7TH
Idaho Falls Chukars batting - Pitching for Provo Mango : LHP James Atkinson
Batting: RHB Alejandro Herrera 0-0: DOUBLE (Flyball, 89D)
Batting: RHB Scott Ramsey 0-0: Ball
1-0: Fly out, F7 (Flyball, 7LMF)
Batting: RHB Michael Bradshaw 0-0: Intentional Walk
Batting: SHB Félix Medina 0-0: Fly out, F8 (Line Drive, 8RM)
Runner from 2nd tags up, SAFE at 3rd with throw
Batting: RHB Dam Son 0-0: Ball
1-0: Ball
2-0: Called Strike
2-1: Foul Ball, location: 2F
2-2: Fly out, F7 (Flyball, 7S)
Top of the 7th over - 0 run(s), 1 hit(s), 0 error(s), 2 left on base; Idaho Falls 5 - Provo 0
BOTTOM OF THE 7TH
Provo Mango batting - Pitching for Idaho Falls Chukars : RHP Shotaro Sugahara
Batting: RHB James Pike 0-0: Ball
1-0: Ball
2-0: TRIPLE (Line Drive, 89D)
Batting: RHB Restin P. Surambe 0-0: Foul Ball, location: 2F
0-1: Foul Ball, location: 2F
0-2: Ball
1-2: Foul Ball, location: 2F
1-2: Strikes out looking
Batting: RHB Jaquiski Tartt 0-0: Called Strike
0-1: Called Strike
0-2: Strikes out looking
Batting: RHB António Marquis 0-0: Called Strike
0-1: Called Strike
0-2: Strikes out looking
Bottom of the 7th over - 0 run(s), 1 hit(s), 0 error(s), 1 left on base; Idaho Falls 5 - Provo 0
TOP OF THE 8TH
Idaho Falls Chukars batting - Pitching for Provo Mango : LHP James Atkinson
Pitching: RHP Héctor Barrera
Batting: RHB Jonah Cooney 0-0: Ball
1-0: Called Strike
1-1: Ball
2-1: SINGLE (Groundball, 6MD)
Batting: RHB Miguel Luna 0-0: Ball
1-0: Ball
2-0: Called Strike
2-1: Foul Ball, location: 2F
2-2: Ball
3-2: SINGLE (Groundball, 34S) (infield hit)
Jonah Cooney to second
Batting: LHB Frank Sharp 0-0: Bunted foul
0-1: Ball
1-1: Sac Bunt - play at first, batter OUT! 5-4
Jonah Cooney to third
Miguel Luna to second
Batting: RHB Christian Gentry 0-0: Intentional Walk
Batting: RHB Alejandro Herrera 0-0: Ball
1-0: Called Strike
1-1: Foul Ball, location: 2F
1-2: Foul Ball, location: 2F
1-2: Foul Ball, location: 2F
1-2: Foul Ball, location: 2F
1-2: Ball
2-2: Foul Ball, location: 2F
2-2: Ball
3-2: Foul Ball, location: 2F
3-2: Strikes out swinging
Batting: RHB Scott Ramsey 0-0: Ball
1-0: Foul Ball, location: 2F
1-1: Ball
2-1: Foul Ball, location: 2F
2-2: Foul Ball, location: 2F
2-2: Ground out 4-3 (Groundball, 4M)
Top of the 8th over - 0 run(s), 2 hit(s), 0 error(s), 3 left on base; Idaho Falls 5 - Provo 0
BOTTOM OF THE 8TH
Provo Mango batting - Pitching for Idaho Falls Chukars : RHP Shotaro Sugahara
Pitching: LHP Roberto Guillén
Now at SS: Armando Peña
Batting: RHB Mauro Longoria 0-0: Swinging Strike
0-1: Ball
1-1: Called Strike
1-2: Strikes out swinging
Batting: RHB Jesús Ramos 0-0: Ball
1-0: Ball
2-0: Ball
3-0: Fly out, F9 (Line Drive, 9LM)
Batting: RHB Felipe Córdova 0-0: Swinging Strike
0-1: Ball
1-1: Ground out 4-3 (Groundball, 4MS)
Bottom of the 8th over - 0 run(s), 0 hit(s), 0 error(s), 0 left on base; Idaho Falls 5 - Provo 0
TOP OF THE 9TH
Idaho Falls Chukars batting - Pitching for Provo Mango : RHP Héctor Barrera
Batting: RHB Michael Bradshaw 0-0: Fly out, F9 (Flyball, 9S)
Batting: SHB Félix Medina 0-0: SINGLE (Flyball, 7LS)
Batting: RHB Dam Son 0-0: Fly out, F5 (Line Drive, 56)
Batting: RHB Jonah Cooney 0-0: Ball
1-0: Reached on error, E6 (Groundball, 6)
Félix Medina to second
Batting: RHB Miguel Luna 0-0: Ball
1-0: Ground out 4-3 (Groundball, 4MS)
Top of the 9th over - 0 run(s), 1 hit(s), 1 error(s), 2 left on base; Idaho Falls 5 - Provo 0
BOTTOM OF THE 9TH
Provo Mango batting - Pitching for Idaho Falls Chukars : LHP Roberto Guillén
Batting: RHB António Quiñones 0-0: Ball
1-0: Ball
2-0: Fly out, F7 (Flyball, 78S)
Now in LF: Leon Carlisle
Batting: RHB Daniel Maldonado 0-0: Called Strike
0-1: Ball
1-1: Ball
2-1: Called Strike
2-2: Strikes out swinging
Batting: RHB James Pike 0-0: Ball
1-0: Ball
2-0: Called Strike
2-1: Foul Ball, location: 2F
2-2: Strikes out swinging
Bottom of the 9th over - 0 run(s), 0 hit(s), 0 error(s), 0 left on base; Idaho Falls 5 - Provo 0
Friday, December 30th, 2016 - OOTP Baseball 17.12 Build 75